 Dungeon Crawl Stone Soup version 0.29.1-15-g9cfb28693d (webtiles) character file.

Game seed: 16165017996326691188

105 PriceMaster the Conjurer (level 4, -5/27 HPs)
             Began as an Octopode Conjurer on Apr 14, 2023.
             Killed by divine providence
             ... invoked by an orc priest
              (12 damage)
             ... on level 3 of the Dungeon.
             The game lasted 00:05:51 (2954 turns).

PriceMaster the Conjurer (Octopode Conjurer)        Turns: 2954, Time: 00:05:52

Health: -5/27      AC:  1    Str:  3 (6)  XL:     4   Next: 83%
Magic:  1/7        EV: 12    Int: 21 (22) God:
Gold:   142        SH:  4    Dex:  9 (10) Spells: 5/8 levels left

rFire   . . .      SeeInvis .   e - +0 mace (vorpal)
rCold   . . .      Faith    +   l - +2 buckler
rNeg    . . .      Spirit   .   (helmet restricted)
rPois   .          Reflect  .   b - amulet of faith
rElec   .          Harm     .   (no ring)
rCorr   .          Rampage  .   (no ring)
Will    .....                   (no ring)
Stlth   +++.......              (no ring)
HPRegen 0.89/turn               (no ring)
MPRegen 0.10/turn               (no ring)
                                (no ring)
                                (no ring)

@: no status effects
A: almost no armour, amphibious, 8 rings, camouflage 1, gelatinous body 1,
(nimble swimmer 1), tentacles, low MP 1, regeneration 1, wild magic 1
a: no special abilities


You were on level 3 of the Dungeon.
You visited 1 branch of the dungeon, and saw 3 of its levels.

You collected 142 gold pieces.

Inventory:

Hand Weapons
 a - a +0 dagger
 c - a +0 mace
 e - a +0 vorpal mace (weapon)
 m - a +2 dagger of venom
Armour
 i - an orb of mayhem
 l - a +2 buckler (worn)
Jewellery
 b - an amulet of faith (around mantle)
Scrolls
 g - a scroll of butterflies
 h - a scroll of poison {unknown}
 k - a scroll of fear {unknown}
 n - a scroll of noise {unknown}
Potions
 j - a potion of curing


   Skills:
 + Level 2.3 Dodging
 + Level 2.9 Stealth
 + Level 0.1 Unarmed Combat
 + Level 2.7 Spellcasting
 * Level 5.4 Conjurations


You had 5 spell levels left.
You knew the following spells:

 Your Spells              Type           Power      Damage    Failure   Level
a - Magic Dart            Conj           100%       1d8       3%          1
b - Searing Ray           Conj           66%        2d6       5%          2

Your spell library contained the following spells:

 Spells                   Type           Power      Damage    Failure   Level
 Dazzling Flash           Conj/Hex       36%        N/A       26%         3
 Gell's Gravitas          Tloc           3%         N/A       58%         3
 Teleport Other           Tloc           3%         N/A       58%         3
 Fulminant Prism          Conj/Hex       9%         3d7       61%         4
 Iskenderun's Mystic Bla  Conj/Tloc      18%        2d6       61%         4
 Dispersal                Tloc           1%         N/A       100%        6
 Chain Lightning          Conj/Air       9%         3d12      100%        9
 Fire Storm               Conj/Fire      9%         8d2       100%        9
 Shatter                  Erth           1%         3d6*      100%        9


Dungeon Overview and Level Annotations

Branches:
Dungeon (3/15)

Altars:


Innate Abilities, Weirdness & Mutations

You cannot wear most types of armour.
You are amphibious.
You can wear up to eight rings at the same time.
Your skin changes colour to match your surroundings (Stealth+).
Your rubbery body absorbs attacks. (AC +1, EV +1)
((You are camouflaged when in or above water. (Stealth+)))
You have tentacles for arms and can constrict up to eight enemies at once.
Your magical capacity is low. (-10% MP)
Your natural rate of healing is unusually fast.
Your spells are a little harder to cast, but a little more powerful.


Message History

You can't see any susceptible monsters within range! (Use Z to cast anyway.)
The magic dart hits the orc priest but does no damage.
The orc priest is lightly wounded.
Casting: Magic Dart (safe; 3% risk of failure)
Confirm with . or Enter, or press ? or * to list all spells.
Aiming: Searing Ray (safe; 5% risk of failure)
Press: ? - help, Shift-Dir - straight line, f/p - orc priest
Aim: an orc priest, wielding a +0 short sword and wearing a +0 chain mail (lightly wounded, 86% to hit)
The searing ray misses the orc priest. (Press . to maintain the ray.)
The searing ray hits the orc priest.
The orc priest is heavily wounded.
Without enough magic to sustain it, your searing ray dissipates.
You barely miss the orc priest. Your grab misses the orc priest.
You squeeze the orc priest, but do no damage.
The orc priest is heavily wounded.
The orc priest barely misses you.
You hit the orc priest but do no damage.
Your grab misses the orc priest.
You squeeze the orc priest, but do no damage.
The orc priest is heavily wounded.
The orc priest misses you. The endoplasm closely misses you.
The orc priest hits you with a +0 short sword.
You hit the orc priest but do no damage.
You grab the orc priest.
The orc priest is heavily wounded.
You constrict the orc priest, but do no damage.
The orc priest mumbles some strange prayers to Beogh against you.
Pain shoots through your body!
* * * LOW HITPOINT WARNING * * *
The endoplasm barely misses you.
An endoplasm comes into view.
Blink to where?
Press: ? - help, Dir - move target, p - orc priest You lose your grip on the orc priest.
As you read the scroll of blinking, it crumbles to dust.
Found a scroll labelled IMIYXO VIUFOI.
The orc priest mumbles some strange prayers to Beogh against you.
Beogh smites you!
You die...

#... ... .##?#..#
..# ...#..# ..# #
#.#..##..##.#
###............
#.(.#.........J
#>.....J......#
#......o..#
#@#..##.### #
#.#..##.#####.#
..#....<).....##
................#
#.###.###.#.###.##
#. # #.#.###.# #.
##.###+#.....# .
..)..........#
#...........#


You could see an orc priest and an endoplasm.

Vanquished Creatures
  Terence (D:2)
  3 adders
  A worm (D:2)
  3 endoplasms (D:2)
  11 goblins
  8 hobgoblins
  2 quokkas
  6 ball pythons
  4 bats
  A frilled lizard (D:2)
  5 kobolds
45 creatures vanquished.

Notes
Turn   | Place    | Note
-------+----------+-------------------------------------------
     0 | D:1      | PriceMaster the Octopode Conjurer began the quest for the
                  | Orb.
     0 | D:1      | Reached XP level 1. HP: 11/11 MP: 3/3
   424 | D:1      | Reached XP level 2. HP: 11/17 MP: 1/5
  1316 | D:2      | Learned a level 2 spell: Searing Ray
  1356 | D:2      | Noticed Terence
  1386 | D:2      | Killed Terence
  1387 | D:2      | Reached XP level 3. HP: 13/21 MP: 0/6
  1518 | D:2      | Reached skill level 5 in Conjurations
  1698 | D:2      | Reached XP level 4. HP: 27/27 MP: 5/7
  2154 | D:2      | Gained mutation: Your natural rate of healing is unusually
                  | fast. [potion of mutation]
  2154 | D:2      | Gained mutation: Your spells are a little harder to cast,
                  | but a little more powerful. [potion of mutation]
  2154 | D:2      | Gained mutation: Your magical capacity is low. (-10% MP)
                  | [potion of mutation]
  2954 | D:3      | Killed from afar by an orc priest

Illustrated notes

Levels and vault maps discovered:
D:1:      dpeg_arrival_three_bigger_balls, layout_basic
D:2:      layout_basic, minmay_bisected, uniq_robin, uniq_terence
D:3:      layout_basic, small_statue_alley_b, uniq_jessica, uniq_ijyb,
          uniq_grinder

Skill      XL: |  1  2  3 |
---------------+----------+-----
Conjurations   | 5 |  5.4
Dodging        | |  2.3
Stealth        | |  2.9
Unarmed Combat | |  0.1
Spellcasting   | |  2.7

Action                   |  1- 3 |  4- 6 || total
-------------------------+-------+-------++-------
Melee: Unarmed           |     5 |       ||     5
       Constrict         |     2 |     4 ||     6
       Tentacles         |     2 |     4 ||     6
       Mace              |     1 |    16 ||    17
 Cast: Magic Dart        |    38 |    34 ||    72
       Searing Ray       |     2 |     6 ||     8
  Use: Potion            |     2 |     3 ||     5
       Scroll            |     2 |     4 ||     6
Armor: Skin              |       |     1 ||     1
Dodge: Dodged            |     6 |    15 ||    21
Block: Buckler           |       |     8 ||     8
